 Dungeon Sprint DCSS version 0.31-a0-638-g26219f789d (webtiles) character file.

Game seed: 12431751266187994894

1608 Conn the Arsonist (level 8, 0/78 HPs)
             Began as an Octopode Fire Elementalist on Aug 26, 2023.
             Was a Follower of Sif Muna.
             Slain by a yaktaur (6 damage)
             ... in the Dungeon (Sprint II: "The Violet Keep of Menkaure").
             The game lasted 00:07:11 (429 turns).

Conn the Arsonist (Octopode Fire Elementalist)       Turns: 429, Time: 00:07:12

Health: 0/78       AC: 24    Str:  2    XL:     8   Next: 95%
Magic:  4/22       EV:  2    Int: 20    God:    Sif Muna [*.....]
Gold:   106        SH:  0    Dex: 12    Spells: 11/28 levels left

rFire   + . .        b - +7 halberd of Terra Cotta {freeze, *Noise rC+ rN++ Str-3}
rCold   + + .        (shield currently unavailable)
rNeg    + + .        (helmet currently unavailable)
rPois   +            (no amulet)
rElec   +            s - ring of willpower
rCorr   +            t - ring of see invisible
SInv    +            (no ring)
Will    +....        (no ring)
Stlth   +++          (no ring)
HPRegen 0.33/turn    (no ring)
MPRegen 0.18/turn    (no ring)
                     (no ring)

%: no teleportation
@: tree-form, resistant, attractive
A: stationary, stasis, torment immunity, boosted hp, almost no armour,
(amphibious), 8 rings, (camouflage 1), (gelatinous body 1), (nimble swimmer 1),
(tentacles), weak 1, inability to read after injury 1
a: Renounce Religion, Channel Magic


You were in the Dungeon.
You worshipped Sif Muna.
Sif Muna was aware of your devotion.
You were a tree.
You visited 1 branch You collected 343 gold pieces.
You spent 237 gold pieces at shops.

Inventory:

Hand Weapons
 b - the +7 halberd of Terra Cotta (weapon) {freeze, *Noise rC+ rN++ Str-3}
   (You bought it in a shop in the Dungeon)

   Str-3:     It affects your strength (-3).
   rC+:       It protects you from cold.
   rN++:      It greatly protects you from negative energy.
   *Noise:    It may make a loud noise when swung.
Jewellery
 s - a ring of willpower (left branch)
 t - a ring of see invisible (right branch)
Scrolls
 d - a scroll of brand weapon
 e - 2 scrolls of vulnerability
 f - 2 scrolls of blinking
 g - a scroll of identify
 k - 2 scrolls of butterflies {unknown}
 m - 2 scrolls of amnesia {unknown}
 p - a scroll of torment {unknown}
 r - a scroll of fog {unknown}
Potions
 a - 4 potions of magic
 c - a potion of lignification
 h - 3 potions of resistance
 l - 3 potions of enlightenment {unknown}
 q - a potion of might {unknown}


   Skills:
 + Level 3.2 Fighting
 + Level 6.7 Dodging
 + Level 6.7 Stealth
 + Level 10.6 Spellcasting
 + Level 3.1 Conjurations
 + Level 13.3 Fire Magic


You had 11 spell levels left.
You knew the following spells:

 Your Spells              Type           Power      Damage    Failure   Level
a - Foxfire               Conj/Fire      100%       2x1d9     1%          1
b - Scorch                Fire           100%       2d9       1%          2
c - Inner Flame           Hex/Fire       37%        N/A       1%          3
d - Flame Wave            Conj/Fire      43%        2d11      2%          4
e - Call Canine Familiar  Summ           10%        N/A       19%         3
f - Sticky Flame          Conj/Fire      43%        2d6       2%          4

Your spell library contained the following spells:

 Spells                   Type           Power      Damage    Failure   Level
 Volatile Blastmotes      Fire/Tloc      74%        2d16      1%          3
 Portal Projectile        Hex/Tloc       20%        N/A       19%         3
 Leda's Liquefaction      Hex/Erth       5%         N/A       54%         4


Dungeon Overview and Level Annotations

Branches:
Dungeon (1/1)

Altars:
Cheibriados
Dithmenos
Elyvilon
Fedhas
Gozag
Hepliaklqana
Kikubaaqudgha
Makhleb
Nemelex Xobeh
Okawaru
Qazlal
Ru
Sif Muna
Trog
Uskayaw
Vehumet
Wu Jian
Xom
Yredelemnul
Zin
The Shining One
Jiyva
Lugonu

Shops:
D :!*=(??([:!==[[

Annotations:
D exclusion: oklob plant


Innate Abilities, Weirdness & Mutations

You are a tree.
Your roots penetrate the ground, keeping you stationary.
You cannot be teleported.
You are immune to unholy pain and torment.
Your maximum health is greatly increased.
You cannot wear most types of armour.
((You are amphibious.))
You can wear up to eight rings at the same time.
((Your skin changes colour to match your surroundings (Stealth+).))
((Your rubbery body absorbs attacks. (AC +1, EV +1)))
((You are camouflaged when in or above water. (Stealth+)))
((You have tentacles for arms and can constrict up to eight enemies at once.))
You are weak. (Str -2)
You occasionally lose the ability to read scrolls when taking damage.


Message History

Unknown command.
Unknown command.
Casting: Foxfire (safe; 1% risk of failure)
Press: ? - help, Q - select action, (/) - cycle Dir - look around, f - activate
Okay, then.
Unknown command.
Unknown command.
As you read the scroll labelled YNUFAQ NOLATRA, it crumbles to dust.
It is a scroll of identify.
d - a scroll of brand weapon
As you read the scroll of identify, it crumbles to dust.
e - 2 scrolls of vulnerability Unknown command.
Okay, then.
Okay, then.
Okay, then.
Unknown command.
Unknown command.
Unknown command.
It was a potion of resistance.
You feel protected.
You turn into a tree.
Your roots penetrate the ground.
It was a potion of attraction.
You feel attractive to monsters.
A yaktaur opens the door.
The yaktaur is attracted toward you.
Okay, then.
Unknown command.
Unknown command.
Okay, then.
Unknown command.
Unknown command.
Okay, then.
Casting: Foxfire (safe; 1% risk of failure)
Confirm with . or Enter, or press ? or * to list all spells.
Okay, then.
Unknown command.
This is a scroll of acquirement!
Something appears at your feet!
The yaktaur unwields a +0 arbalest.
The yaktaur hits you.
You die...

#○)▓▓▓▓▓▓▓▓▓▓▓
#})▓..).....▓▓
#)|▓(.)..)[.▓▓
+.####[|▓...[.(..▓▓
...####▓...)).(|▓▓ #..#
#▓..).(...▓▓ +..#
#▓)(...(((▓▓ #..#
#▓..(....(▓▓
###^.####▓()...)♣.▓▓
.###...##▓▓▓▓▓▓▓c▓▓▓▓+▓
...~~~~§~~†~~§~§...X≈≈▓
.§.~#'########§###.≈≈≈▓
~..~#.÷..._._#~~~##≈≈≈▓
~~.~#...._._.#§~§≈####▓
~§~~#..._._._#~§§§≈#
≈§~~#.._._._.#§§§≈≈≈
§§§~#._._._._#§§§~~≈


You could see a kraken and a yaktaur.

Vanquished Creatures
  A polar bear (D)
  A hornet (D)
  A blink frog (D)
  4 neqoxecs (D)
  Menkaure (D)
  4 water moccasins (D)
12 creatures vanquished.

Vanquished Creatures (others)
  18 foxfires (D)
  4 tentacles (D)
22 creatures vanquished.

Grand Total: 34 creatures vanquished

Notes
Turn   | Place    | Note
-------+----------+-------------------------------------------
     0 | D        | Conn the Octopode Fire Elementalist began the quest for the
                  | Orb.
     0 | D        | Reached XP level 1. HP: 11/11 MP: 3/3
     1 | D        | Noticed a neqoxec
     1 | D        | Gained mutation: You occasionally lose the ability to read
                  | scrolls when taking damage. [a neqoxec]
    14 | D        | Killed a neqoxec
    15 | D        | Reached skill level 5 in Stealth
    15 | D        | Reached skill level 8 in Fire Magic
    15 | D        | Reached XP level 2. HP: 7/18 MP: 4/7
    15 | D        | Reached XP level 3. HP: 9/22 MP: 4/8
    15 | D        | Reached XP level 4. HP: 11/27 MP: 5/10
    15 | D        | Reached XP level 5. HP: 14/32 MP: 5/11
    22 | D        | Learned a level 2 spell: Scorch
    24 | D        | Noticed a neqoxec
    24 | D        | Noticed a neqoxec
    26 | D        | Learned a level 3 spell: Inner Flame
    35 | D        | Gained mutation: You are weak. (Str -2) [a neqoxec]
    36 | D        | Killed a neqoxec
    37 | D        | Reached skill level 1 in Fighting
    37 | D        | Reached skill level 5 in Dodging
    37 | D        | Reached skill level 5 in Spellcasting
    37 | D        | Reached skill level 9 in Fire Magic
    37 | D        | Reached XP level 6. HP: 4/38 MP: 2/14
    37 | D        | Killed a neqoxec
    38 | D        | Reached skill level 10 in Fire Magic
    38 | D        | Noticed a neqoxec
    47 | D        | Killed a neqoxec
    48 | D        | Reached XP level 7. HP: 15/44 MP: 7/18
    52 | D        | Found Poerusch's Armour Emporium.
    53 | D        | Found Xalubb's Antique Armour Shoppe.
    53 | D        | Found Hudghur's Antique Weapon Emporium.
    53 | D        | Found Juyt's Distillery.
    53 | D        | Found Giacehoh's Magic Scroll Emporium.
    55 | D        | Found Nes Arph's Jewellery Shoppe.
    55 | D        | Found Kagin's Antique Armour Shoppe.
    55 | D        | Found Fiak's Book Emporium.
    56 | D        | Found Kajyalim's Antique Weapon Shoppe.
    56 | D        | Found Enomuw's Jewellery Emporium.
    57 | D        | Found Icoarats's Assorted Antiques.
    57 | D        | Found Gonguott's Distillery.
    57 | D        | Noticed a wyvern
    58 | D        | Found Idups's Jewellery Shoppe.
    58 | D        | Found Jago's Magic Scroll Emporium.
    58 | D        | Noticed a wyvern
    59 | D        | Noticed Menkaure
    59 | D        | Noticed a wyvern
    59 | D        | Noticed an oklob plant
    63 | D        | Noticed a slime creature
    70 | D        | Killed Menkaure
    71 | D        | Reached skill level 11 in Fire Magic
    71 | D        | Found Ciosagae's Book Shoppe.
    78 | D        | Learned a level 4 spell: Flame Wave
    78 | D        | Noticed a slime creature
    78 | D        | Noticed a slime creature
    83 | D        | Bought an iridescent halberd for 207 gold pieces
    83 | D        | Identified the +7 halberd of Terra Cotta {freeze, *Noise
                  | rC+ rN++ Str-3} (You bought it in a shop in the Dungeon)
    88 | D        | Bought a potion of lignification for 30 gold pieces
   107 | D        | Noticed a blink frog
   111 | D        | Killed a blink frog
   118 | D        | Noticed a flying skull
   119 | D        | Noticed a flying skull
   121 | D        | Noticed a flying skull
   121 | D        | Noticed a flying skull
   121 | D        | Noticed a flying skull
   121 | D        | Noticed a flying skull
   121 | D        | Noticed a flying skull
   121 | D        | Noticed a flying skull
   122 | D        | Noticed a flying skull
   122 | D        | Noticed a flying skull
   122 | D        | Noticed a flying skull
   122 | D        | Noticed a flying skull
   131 | D        | Found a snail-covered altar of Cheibriados.
   132 | D        | Found a shadowy altar of Dithmenos.
   132 | D        | Found a viscous altar of Jiyva.
   133 | D        | Found a white marble altar of Elyvilon.
   133 | D        | Found an ancient bone altar of Kikubaaqudgha.
   134 | D        | Found a blossoming altar of Fedhas.
   134 | D        | Found a corrupted altar of Lugonu.
   134 | D        | Found a shimmering blue altar of Sif Muna.
   135 | D        | Found an opulent altar of Gozag.
   135 | D        | Found a burning altar of Makhleb.
   135 | D        | Found a bloodstained altar of Trog.
   136 | D        | Found a sparkling altar of Nemelex Xobeh.
   136 | D        | Found a hide-covered altar of Uskayaw.
   137 | D        | Found a basalt altar of Yredelemnul.
   138 | D        | Found an iron altar of Okawaru.
   138 | D        | Found a radiant altar of Vehumet.
   138 | D        | Found a glowing silver altar of Zin.
   138 | D        | Found a hazy altar of Hepliaklqana.
   138 | D        | Found a sacrificial altar of Ru.
   138 | D        | Found a shimmering altar of Xom.
   139 | D        | Found a stormy altar of Qazlal.
   139 | D        | Found an ornate altar of the Wu Jian Council.
   139 | D        | Found a glowing golden altar of the Shining One.
   144 | D        | Reached skill level 12 in Fire Magic
   144 | D        | Reached XP level 8. HP: 37/50 MP: 9/21
   148 | D        | Became a worshipper of Sif Muna the Loreminder
   162 | D        | Noticed a kraken
   289 | D        | Learned a level 3 spell: Call Canine Familiar
   294 | D        | Learned a level 4 spell: Sticky Flame
   402 | D        | Noticed a polar bear
   404 | D        | Noticed a hornet
   405 | D        | Reached * piety under Sif Muna
   408 | D        | Killed a polar bear
   409 | D        | Reached skill level 10 in Spellcasting
   409 | D        | Reached skill level 13 in Fire Magic
   409 | D        | HP: 2/52 [hornet (15)]
   412 | D        | Killed a hornet
   416 | D        | Noticed a yaktaur
   419 | D        | HP: 1/52 [yaktaur/bolt (30)]
   429 | D        | Identified a scroll of acquirement
   429 | D        | Acquired a staff of fire
   429 | D        | Slain by a yaktaur

Illustrated notes

Levels and vault maps discovered:
D:        the_violet_keep_of_menkaure [sprint2_stairs_cluster_1,
          sprint2_shoproom, sprint2_temple, sprint2_basic_supplies,
          sprint2_obstacle_1, sprint2_obstacle_5, sprint2_obstacle_4,
          sprint2_obstacle_6, sprint2_obstacle_7, sprint2_timed_cluster_1,
          sprint2_smallroom_cluster_1, sprint2_smallroom_final_cluster_1,
          sprint2_transparent_cluster_1, sprint2_second_timed_cluster_1,
          sprint2_sniper_area_1, sprint2_heavy_combat_area_1,
          sprint2_mutation_trap_area_1, sprint2_forest_area_1,
          sprint2_light_combat_area_1, sprint2_behind_water_1,
          sprint2_near_end_vault_1]

Skill      XL: |  1  2  3  4  5  6  7  8 |
---------------+-------------------------+-----
Dodging        | 4 5 6 |  6.7
Stealth        | 5 6 |  6.7
Spellcasting   | 4 5 7 9 10 | 10.6
Fire Magic     | 8 9 10 12 13 | 13.3
Fighting       | 1 2 3 |  3.2
Conjurations   | 2 3 |  3.1

Action                     |  1- 3 |  4- 6 |  7- 9 || total
---------------------------+-------+-------+-------++-------
  Melee: Unarmed           |     8 |       |       ||     8
         Constrict         |     1 |       |       ||     1
         Tentacles         |     1 |       |       ||     1
   Cast: Scorch            |       |    13 |     7 ||    20
         Foxfire           |       |       |    12 ||    12
         Flame Wave        |       |       |     2 ||     2
         Call Canine Famil |       |       |     1 ||     1
    Use: Potion            |     2 |     4 |     8 ||    14
         Scroll            |       |       |     4 ||     4
 Armour: Skin              |       |       |     1 ||     1
  Dodge: Dodged            |     2 |     9 |     5 ||    16

Table legend: (Time is in decaauts)
 A = Elapsed time spent in this place.
 B = Non-inter-level travel time spent in this place.
 C = Inter-level travel time spent in this place.
 D = Time resting spent in this place.
 E = Time spent auto-exploring this place.
 F = Levels seen in this place.
 G = Mean time per level.
                   A        B        C        D        E       F      G
               +--------+--------+--------+--------+--------+-----+--------+
         Total |    429 |    429 |      0 |     90 |      0 |   1 |  429.0 |
       Dungeon |    429 |    429 |      0 |     90 |      0 |   1 |  429.0 |
               +--------+--------+--------+--------+--------+-----+--------+

Top non-repeatable levels by time:
       D: 429 daAuts
